Map: Dreamcatcher LE

Players

jhonleva

  • Race: Protoss Protoss
  • League: Gold
  • Spawn Location: 5:00

Sketchaphone - Winner!

  • Race: Zerg Zerg
  • League: Gold
  • Spawn Location: 11:00

VOD

Have the link to the VOD?

Description

Time

  • Played on: Nov. 10, 2018, 1:31 p.m.
  • Length: 4:16
Show
View Real Time Build Order
Export as new Build Order

jhonleva Protoss 

Build Orders: 1 Gate Expand 

Get SALT Encoding   

  12  0:02  Probe  
  13  0:14  Probe  
  14  0:26  Pylon, Probe  
  15  0:44  Probe  
  16  0:53  Gateway  
  16  0:56  Probe  
  16  1:03  Assimilator  
  17  1:04  Probe  
  17  1:08  Assimilator  
  18  1:24  Probe  
  19  1:36  Probe  
  20  1:42  Nexus  
  20  1:55  Cybernetics Core  
  20  2:09  Pylon  
  20  2:20  Probe  
  21  2:28  Probe  
  21  2:30  Pylon  
  21  2:36  Probe  
  23  2:45  Stalker  
  23  2:46  Probe  
  23  2:51  Gateway  
  26  2:55  Probe  
  26  2:58  Probe  
  28  3:03  Probe  
  28  3:10  Probe  
  28  3:11  Probe  
  31  3:21  Probe  
  31  3:25  Probe  
  33  3:34  Probe  
  34  3:37  Probe  
  34  3:38  Robotics Facility  
  35  3:45  Stalker  
  35  3:46  Probe  
  38  3:49  Probe  
  38  3:50  Robotics Facility  
  38  3:55  Pylon  
  39  3:58  Probe  
  40  4:03  Assimilator  
  40  4:04  Probe  
Show
View Real Time Build Order
Export as new Build Order

Sketchaphone Zerg - Winner!

Build Orders: Hatch First 

Get SALT Encoding   

  12  0:01  Drone  
  13  0:12  Drone  
  14  0:16  Extractor  
  14  0:17  Drone  
  15  0:46  Hatchery  
  14  0:56  Spawning Pool  
  13  1:03  Overlord  
  13  1:10  Drone  
  14  1:27  Drone  
  14  1:28  Drone x2  
  14  1:32  Extractor  
  16  1:46  Zergling x2  
  17  1:48  Queen  
  17  1:52  Overlord  
  19  2:02  Zergling x4  
  21  2:10  Overlord  
  21  2:28  Overlord  
  21  2:31  Metabolic Boost  
  21  2:32  Drone x2  
  23  2:38  Zergling x2  
  23  2:39  Zergling x2  
  25  2:55  Zergling x6  
  25  2:56  Zergling x2  
  29  3:08  Zergling x6  
  29  3:10  Drone  
  33  3:13  Drone  
  33  3:33  Zergling x2  
  33  3:34  Zergling x4, Drone x3  
  36  3:36  Drone  
  40  3:45  Zergling x2  
  40  3:48  Drone  
Tags
 
Add a new tag
Caveats
  • Supply blocks, unpowered buildings, or Contaminate may cause inaccurate times.
  • Supply counts are checked every 10 seconds.